 Dungeon Crawl Stone Soup version 0.28-a0-804-g60983d4ba9 (webtiles) character file.

Game seed: 12484337828911864706

7155 vurker the Thaumaturge (level 11, -18/85 HPs)
             Began as a Djinni Cinder Acolyte on Nov 7, 2021.
             Was a High Priest of Ignis.
             Demolished by a freezing wraith (30 damage)
             ... on level 9 of the Dungeon.
             The game lasted 00:16:36 (12579 turns).

vurker the Thaumaturge (Djinni Cinder Acolyte)     Turns: 12579, Time: 00:16:36

Health: -18/85     AC:  4    Str: 13    XL:     11   Next: 32%
Gold:   399        EV: 11    Int: 25    God:    Ignis [*****.] SH:  0 Dex: 12

rFire   + + +      SeeInvis +   y - +0 demon whip (elec)
rCold   x . .      Faith    .   (no shield)
rNeg    . . .      Spirit   .   q - +2 robe {Will+}
rPois   ∞          Reflect  .   (no helmet)
rElec   .          Harm     .   (no cloak)
rCorr   .          Rampage  .   (no gloves)
Will    +++..                   (boots unavailable)
Stlth   +.........              (no amulet)
HPRegen 0.24/turn               s - ring of willpower
MPRegen 0.00/turn               e - ring "Gecwalypuz" {Int+6 Dex+3 SInv}

@: about to teleport, flying, slowed, very slow
A: sickness immunity, fire resistance 2, cold vulnerability 1, float, innate
caster, hp casting, extra vitality 1
a: Renounce Religion, Sea of Fire, Foxfire Swarm, Rising Flame


You were on level 9 of the Dungeon.
You worshipped Ignis.
Ignis was extremely pleased with you.
You visited 1 branch of the dungeon, and saw 9 of its levels.
You also visited: Bailey.

You collected 399 gold pieces.

Inventory:

Hand Weapons
 y - a +0 demon whip of electrocution (weapon)
   (You took it off a kobold in a bailey)
Missiles
 i - 2 throwing nets
Armour
 q - a +2 robe of willpower (worn)
   (You took it off Jessica on level 3 of the Dungeon)
Jewellery
 e - the ring "Gecwalypuz" (right hand) {Int+6 Dex+3 SInv}
   (You acquired it on level 5 of the Dungeon)

   [ring of intelligence]

   Int:       It affects your intelligence (+6).
   Dex:       It affects your dexterity (+3).
   SInv:      It lets you see invisible.
 r - a ring of fire
   (You found it on level 1 of the Dungeon)
 s - a ring of willpower (left hand)
   (You found it on level 4 of the Dungeon)
Wands
 d - a wand of iceblast (10)
   (You took it off a gnoll on level 6 of the Dungeon)
 j - a wand of mindburst (6)
   (You found it on level 6 of the Dungeon)
 t - a wand of flame (25)
   (You took it off Jessica on level 3 of the Dungeon)
 u - a wand of paralysis (19)
   (You found it on level 8 of the Dungeon)
 v - a wand of digging (4)
   (You found it on level 7 of the Dungeon)
Scrolls
 f - 2 scrolls of enchant armour
 g - 6 scrolls of teleportation
 l - 5 scrolls of identify
 n - a scroll of blinking
 x - 2 scrolls of brand weapon
Potions
 b - a potion of cancellation
 c - 6 potions of lignification
 h - 2 potions of resistance
 k - a potion of attraction
 m - a potion of heal wounds
 o - 2 potions of brilliance {unknown}
 p - 2 potions of curing
 w - a potion of mutation
 z - a potion of might {unknown}


   Skills:
 + Level 10.2 Fighting
 - Level 2.6 Long Blades
 * Level 10.9 Spellcasting


You had 15 spell levels left.
You knew the following spells:

 Your Spells              Type           Power      Damage    Failure   Level
a - Foxfire               Conj/Fire      100%       2x1d9     1%          1
b - Scorch                Fire           100%       2d10      1%          2
c - Poisonous Vapours     Pois/Air       100%       N/A       1%          2
d - Ensorcelled Hibernat  Hex/Ice        100%       N/A       1%          2
e - Animate Armour        Summ/Erth      100%       N/A       1%          4
z - Lee's Rapid Deconstr  Erth           31%        3d17*     1%          5
Your spell library was empty.

Dungeon Overview and Level Annotations

Branches:
Dungeon (9/15)             Temple (0/1) D:6          Bailey (visited)
   Lair: D:8-11         Orc: D:9-12

Altars:
Gozag
Nemelex Xobeh
Okawaru
Yredelemnul
The Shining One

Shops:
D:5 (

Annotations:
D:6 1 runed translucent door, Swippen's ghost, novice GnBe


Innate Abilities, Weirdness & Mutations

You are immune to sickness and miasma.
You are immune to poison.
Your flesh is very heat resistant. (rF++)
You are vulnerable to cold. (rC-)
You float through the air rather than walking.
You learn spells naturally, not from books.
Your magical power is your life essence.
You have superior vitality. (+4 HP)


Message History

The blast of rock fragments hits the orc wizard!!
You kill the orc wizard!
An orc comes into view. It is wielding a +0 hand axe.
A rock wall.
The wall shatters!
The blast of rock fragments hits the orc!!
You kill the orc!
An orc comes into view. It is wielding a +0 hand axe.
A rock wall.
The wall shatters!
The blast of rock fragments hits the orc.
A rock wall.
The wall shatters!
The blast of rock fragments hits the orc!!
You kill the orc!
The sentinel's mark upon you fades away.
A bullfrog comes into view.
A rock wall.
The wall shatters!
The blast of rock fragments hits the bullfrog!!
You kill the bullfrog!
A freezing wraith comes into view.
A rock wall.
The wall shatters!
The blast of rock fragments hits the freezing wraith!
You cannot affect that.
Okay, then.
You see here a bullfrog corpse.
You can't see any susceptible monsters within range! (Use Z to cast anyway.) Flames lash the freezing wraith but do no damage.
Flames lash the freezing wraith but do no damage.
Flames lash the freezing wraith.
The freezing wraith is burned terribly!
The freezing wraith's fire resistance burns away.
* * * LOW HITPOINT WARNING * * *
The freezing wraith barely misses you. The freezing wraith hits you.
* * * LOW HITPOINT WARNING * * *
The freezing wraith drains your vigour!
You feel yourself slow down. The freezing wraith hits you.
* * * LOW HITPOINT WARNING * * *
The freezing wraith freezes you!
You feel a terrible chill!
* * * LOW HITPOINT WARNING * * *
The freezing wraith hits you.
* * * LOW HITPOINT WARNING * * *
Okay, then.
As you read the scroll of teleportation, it crumbles to dust.
You feel strangely unstable. The freezing wraith hits you.
* * * LOW HITPOINT WARNING * * *
The freezing wraith freezes you!!
You feel a terrible chill!
You die...

#############
#...)..).)...
#†###...#....
#.......#....
#............
#....).......
#W..))).)....
#@#..).......
#...........######
#......####.#.<...
#.##........#<....
#.....#####+#.....
#.....#..........#
#.....#..........#
#..##.#....##..###
#..##.#....###.##


You could see a freezing wraith (combustible).

Vanquished Creatures
  A centaur warrior (D:8)
  Pikel (D:7)
  2 orc knights (Bailey)
  A cyclops (D:8)
  Grinder (D:3)
  Sigmund (D:5)
  A wraith (D:6)
  A wyvern (D:8)
  A yak (D:9)
  A steam dragon (D:6)
  Menkaure (D:5)
  2 water moccasins
  An acid dragon (D:8)
  A black bear (D:5)
  2 ice beasts
  7 orc warriors (Bailey)
  3 necrophages
  4 ogres
  2 centaurs (D:8)
  5 bullfrogs
  2 gnoll sergeants
  6 scorpions
  A water moccasin skeleton (D:6)
  A killer bee (D:8)
  3 wights (D:8)
  4 jellies
  3 centaur zombies
  2 orc priests
  2 centaur skeletons
  A hound (D:5)
  Jessica (D:3)
  A gnoll shaman (D:8)
  2 iguanas
  A scorpion zombie (D:5)
  Natasha (thrice) (D:2)
  4 orc wizards
  2 hound skeletons (D:4)
  8 gnolls
  5 adders
  A white imp (D:8)
  An ufetubus (D:7)
  A dart slug (D:3)
  21 orcs
  5 bats
  9 endoplasms
  5 giant cockroaches
  7 goblins
  7 hobgoblins
  4 jackals (D:2)
  19 kobolds
  4 quokkas
  3 ball pythons
  A frilled lizard (D:2)
  6 rats
185 creatures vanquished.

Vanquished Creatures (collateral kills)
  A foxfire (D:9)
1 creature vanquished.

Vanquished Creatures (others)
  A gnoll (D:6)
  458 foxfires
  3 fungi (D:9)
  2 plants (D:1)
464 creatures vanquished.

Grand Total: 650 creatures vanquished

Notes
Turn   | Place    | Note
-------+----------+-------------------------------------------
     0 | D:1      | vurker the Djinni Cinder Acolyte began the quest for the
                  | Orb.
     0 | D:1      | Reached XP level 1. HP: 20/20 MP: 0/0
   268 | D:1      | Reached XP level 2. HP: 12/25 MP: 0/0
   840 | D:1      | Found a faded altar of an unknown god.
  1351 | D:2      | Reached XP level 3. HP: 21/30 MP: 0/0
  1351 | D:2      | Learned a level 1 spell: Foxfire
  1688 | D:2      | Noticed Natasha
  1693 | D:2      | Killed Natasha
  1694 | D:2      | Reached XP level 4. HP: 30/37 MP: 0/0
  2034 | D:2      | Noticed Natasha
  2039 | D:2      | Killed Natasha
  2228 | D:2      | Noticed Natasha
  2233 | D:2      | Killed Natasha
  2234 | D:2      | Reached XP level 5. HP: 32/41 MP: 0/0
  2234 | D:2      | Learned a level 2 spell: Ensorcelled Hibernation
  3131 | D:3      | Noticed Jessica
  3134 | D:3      | Killed Jessica
  3429 | D:3      | Found a basalt altar of Yredelemnul.
  3430 | D:3      | Found an iron altar of Okawaru.
  3494 | D:3      | Noticed Grinder
  3497 | D:3      | Found a glowing golden altar of the Shining One.
  3501 | D:3      | Killed Grinder
  3502 | D:3      | Reached XP level 6. HP: 24/49 MP: 0/0
  3895 | D:4      | Identified the +3 flail "Zususk" {flame, rC- rN++ Int+5}
  4014 | D:4      | Reached XP level 7. HP: 47/53 MP: 0/0
  4014 | D:4      | Learned a level 2 spell: Poisonous Vapours
  4253 | D:4      | Reached skill level 5 in Fighting
  4253 | D:4      | Reached skill level 5 in Spellcasting
  4445 | D:4      | Noticed a water moccasin
  4452 | D:4      | Killed a water moccasin
  4723 | D:4      | Reached XP level 8. HP: 56/60 MP: 0/0
  4981 | D:5      | Entered Level 5 of the Dungeon
  5021 | D:5      | Identified a scroll of acquirement
  5021 | D:5      | Acquired the ring "Gecwalypuz" {Int+6 Dex+3 SInv}
  5344 | D:5      | Identified the +1 ring mail of the Shining Light {Contam
                  | rN+ Dex+4}
  5506 | D:5      | Noticed Menkaure
  5516 | D:5      | Killed Menkaure
  5517 | D:5      | Reached XP level 9. HP: 13/67 MP: 0/0
  5517 | D:5      | Learned a level 4 spell: Animate Armour
  5813 | D:5      | Found Berph's Antique Weapon Shoppe.
  6013 | D:5      | Noticed Sigmund
  6021 | D:5      | Killed Sigmund
  6550 | D:6      | Found a runed translucent door.
  6550 | D:6      | Noticed Swippen's ghost (novice GnBe)
  7676 | D:6      | Found a staircase to the Ecumenical Temple.
  7902 | D:7      | Reached XP level 10. HP: 71/76 MP: 0/0
  8567 | D:7      | Noticed Pikel
  8590 | D:7      | Killed Pikel
  9099 | D:8      | Noticed a cyclops
  9105 | D:8      | Killed a cyclops
  9263 | D:8      | Noticed a centaur warrior
  9288 | D:8      | Killed a centaur warrior
  9553 | D:8      | Identified the +0 pair of boots of the Earth {rElec}
  9816 | D:8      | Found a sparkling altar of Nemelex Xobeh.
 10145 | D:8      | Found an opulent altar of Gozag.
 10180 | D:8      | Reached skill level 10 in Spellcasting
 11273 | D:9      | Reached XP level 11. HP: 75/84 MP: 0/0
 11273 | D:9      | Learned a level 5 spell: Lee's Rapid Deconstruction
 11331 | D:9      | Found a flagged portal.
 11348 | Bailey   | Entered a bailey
 11376 | Bailey   | Noticed an orc knight
 11376 | Bailey   | Noticed an orc knight
 12057 | Bailey   | Killed an orc knight
 12134 | Bailey   | Killed an orc knight
 12135 | Bailey   | Reached skill level 10 in Fighting
 12579 | D:9      | Demolished by a freezing wraith

Illustrated notes

Levels and vault maps discovered:
D:1:      dpeg_arrival_rooms_c, layout_basic,
          shapermc_ecumenical_altar_acropolis
D:2:      layout_loops_ring, uniq_natasha
D:3:      layout_loops_ring, nicolae_overflow_hidden_temple,
          grunt_ministairs_10, uniq_grinder, uniq_jessica
D:4:      layout_loops_corners, hangedman_feature_mirror
D:5:      kennysheep_spiral_hall, layout_basic, serial_shops,
          nicolae_take_the_stairs, hangedman_decor_growths,
          kennysheep_generic_room_5, uniq_menkaure, uniq_sigmund
D:6:      layout_cave_pools, minmay_temple_entry_enclosed_plants,
          gammafunk_ghost_grave
D:7:      layout_basic, uniq_pikel
D:8:      kennysheep_blocky_room, layout_layer_cave,
          mainiacjoe_overflow_brackets, lemuel_tele_altar
D:9:      minmay_the_grid_octo_tiled_octocenter
          [minmay_the_grid_octo_fat_diamond, minmay_the_grid_octo_pinwheel,
          minmay_the_grid_octo_horde, minmay_the_grid_octo_empty,
          minmay_the_grid_octo_prize_big_c,
          minmay_the_grid_square_5x5_checkered_sparse,
          minmay_the_grid_square_5x5_inner_i,
          minmay_the_grid_square_5x5_percent, minmay_the_grid_square_5x5_n],
          layout_stronghold, zin_statuary, grunt_lair_entry_orc_guard_hut,
          enter_bailey_2

Skill      XL: |  1  2  3  4  5  6  7  8  9 10 11 |
---------------+----------------------------------+-----
Spellcasting   | 3 4 5 7 8 10 | 10.9
Fighting       | 4 5 6 8 9 10 | 10.2
Long Blades    | |  2.6

Action                   |  1- 3 |  4- 6 |  7- 9 | 10-12 || total
-------------------------+-------+-------+-------+-------++-------
Melee: Falchion          |    27 |    14 |       |     9 ||    50
 Cast: Scorch            |    11 |    38 |    56 |    46 ||   151
       Foxfire           |    10 |    25 |   163 |    54 ||   252
       Poisonous Vapours |       |       |    14 |    40 ||    54
       Lee's Rapid Decon |       |       |       |    35 ||    35
Evoke: Wand              |       |       |       |     2 ||     2
  Use: Scroll            |       |       |    20 |     3 ||    23
       Potion            |       |       |       |     2 ||     2
 Stab: Paralysed         |       |       |       |     9 ||     9
Armor: Robe              |     9 |     3 |    10 |     5 ||    27
Dodge: Dodged            |    13 |    16 |    43 |    19 ||    91

Table legend: (Time is in decaauts)
 A = Elapsed time spent in this place.
 B = Non-inter-level travel time spent in this place.
 C = Inter-level travel time spent in this place.
 D = Time resting spent in this place.
 E = Time spent auto-exploring this place.
 F = Levels seen in this place.
 G = Mean time per level.
                   A        B        C        D        E       F      G
               +--------+--------+--------+--------+--------+-----+--------+
         Total |  12607 |  12393 |    214 |    369 |  10610 |  10 | 1260.7 |
       Dungeon |  11437 |  11223 |    214 |    369 |   9692 |   9 | 1270.8 |
        Bailey |   1170 |   1170 |      0 |      0 |    918 |   1 | 1170.0 |
               +--------+--------+--------+--------+--------+-----+--------+

Top non-repeatable levels by time:
     D:8: 2396 daAuts
     D:5: 1729 daAuts
     D:2: 1449 daAuts
     D:1: 1440 daAuts
     D:4: 1278 daAuts
  Bailey: 1170 daAuts
     D:6: 1165 daAuts
     D:7: 936 daAuts
     D:3: 850 daAuts
     D:9: 190 daAuts
